 Dungeon Crawl Stone Soup version 0.29.1-2-gbd0b4ee654 (webtiles) character file.

Game seed: 9743668601449342493

35 Ihaveafatcat the Trooper (level 3, 0/33 HPs)
             Began as a Hill Orc Fighter on Nov 16, 2022.
             Succumbed to a goblin's poison
             ... on level 1 of the Dungeon.
             The game lasted 00:00:35 (820 turns).

Ihaveafatcat the Trooper (Hill Orc Fighter)          Turns: 820, Time: 00:00:36

Health: 0/33       AC:  7    Str: 20    XL:     3   Next: 33%
Magic:  3/3        EV:  9    Int:  8    God:
Gold:   19         SH:  4    Dex: 10    Spells: 2/2 levels left

rFire   . . .      SeeInvis .   a - +0 war axe
rCold   . . .      Faith    .   c - +0 buckler
rNeg    . . .      Spirit   .   b - +0 scale mail
rPois   .          Reflect  .   (no helmet)
rElec   .          Harm     .   (no cloak)
rCorr   .          Rampage  .   (no gloves)
Will    .....                   (no boots)
Stlth   ..........              (no amulet)
HPRegen 0.11/turn               (no ring)
MPRegen 0.08/turn               (no ring)

@: lethally poisoned (0 -> -3)
A: no striking features
a: no special abilities


You were on level 1 of the Dungeon.
You visited 1 branch of the dungeon, and saw 1 of its levels.

You collected 19 gold pieces.

Inventory:

Hand Weapons
 a - a +0 war axe (weapon)
Armour
 b - a +0 scale mail (worn)
 c - a +0 buckler (worn)
Scrolls
 e - 2 scrolls of enchant armour {unknown}
 f - 2 scrolls of magic mapping {unknown}
Potions
 d - a potion of might


   Skills:
 + Level 4.0 Fighting
 + Level 3.0 Axes
 + Level 3.8 Armour
 + Level 3.9 Shields


You had 2 spell levels left.
You didn't know any spells.
Your spell library contained the following spells:

 Spells                   Type           Power      Damage    Failure   Level
 Sublimation of Blood     Necr           0%         N/A       94%         2
 Wereblood                Tmut           0%         N/A       94%         2
 Frozen Ramparts          Ice            0%         1d1       99%         3
 Ice Form                 Ice/Tmut       0%         N/A       100%        4
 Summon Ice Beast         Ice/Summ       0%         N/A       100%        4
 Summon Hydra             Summ           0%         N/A       100%        7


Dungeon Overview and Level Annotations

Branches:
Dungeon (1/15)

Altars:


Message History

There is a lethal amount of poison in your body!
There is a lethal amount of poison in your body!
You are too injured to fight recklessly!
There is a lethal amount of poison in your body!
You are too injured to fight recklessly!
There is a lethal amount of poison in your body!
You are too injured to fight recklessly!
There is a lethal amount of poison in your body!
There is a lethal amount of poison in your body!
You are too injured to fight recklessly!
There is a lethal amount of poison in your body!
You are too injured to fight recklessly!
You hit the goblin.
You kill the goblin!
You barely miss the goblin.
You feel very sick. The goblin closely misses you.
Found a ring mail.
* * * LOW HITPOINT WARNING * * *
You feel very sick. The goblin hits you but does no damage.
Things that are here:
a +2 dagger of venom; a goblin corpse
* * * LOW HITPOINT WARNING * * *
You feel sick. The goblin hits you but does no damage.
* * * LOW HITPOINT WARNING * * *
You feel sick. The goblin closely misses you.
Things that are here:
a +2 dagger of venom; a goblin corpse You barely miss the goblin.
* * * LOW HITPOINT WARNING * * *
You feel sick. The goblin hits you but does no damage.
You hit the goblin.
The goblin is heavily wounded.
* * * LOW HITPOINT WARNING * * *
You feel sick. The goblin hits you but does no damage.
You block the goblin's attack.
You barely miss the goblin.
The goblin is heavily wounded.
You die...

#.# ##......#
#.# ######.#
#.# .# #.# .#
#.# .# #.# .#
#.# ########.#
# #.#
#.....g#.##..[.
#.#
#.#...@........
#.#
#.#.####.######
#.# #.#.# .#
#.# #.#.# .#
#.###.#.# .#
#.##....# .# #
#.##..### .# .
#.##..# .#
#.##..#


You could see a goblin.

Vanquished Creatures
  A gnoll (D:1)
  A bat (D:1)
  2 endoplasms (D:1)
  A giant cockroach (D:1)
  3 goblins (D:1)
  2 hobgoblins (D:1)
  4 jackals (D:1)
  A kobold (D:1)
  A quokka (D:1)
  2 ball pythons (D:1)
  2 rats (D:1)
20 creatures vanquished.

Notes
Turn   | Place    | Note
-------+----------+-------------------------------------------
     0 | D:1      | Ihaveafatcat the Hill Orc Fighter began the quest for the
                  | Orb.
     0 | D:1      | Reached XP level 1. HP: 19/19 MP: 1/1
   149 | D:1      | Reached XP level 2. HP: 24/27 MP: 2/2
   523 | D:1      | Reached skill level 4 in Fighting
   545 | D:1      | Reached XP level 3. HP: 31/33 MP: 3/3
   820 | D:1      | Succumbed to a goblin's poison

Illustrated notes

Levels and vault maps discovered:
D:1:      dreamdust_arrival_beginning_and_end, layout_loops_ring,
          minmay_lizard_king

Skill      XL: |  1  2  3 |
---------------+----------+-----
Fighting       | 4 |  4.0
Axes           | 3 |  3.0
Armour         | |  3.8
Shields        | |  3.9

Action                   || total
-------------------------++-------
Melee: War axe           ||    60
Armor: Scale mail        ||    30
Dodge: Dodged            ||    21
Block: Buckler           ||     8
